 Dungeon Crawl Stone Soup version 0.30-a0-135-g630cfc4551 (webtiles) character file.

Game seed: 14613959812978035744

131033 ytrimaz the Severer (level 16, 0/136 HPs)
             Began as a Demonspawn Gladiator on Sept 20, 2022.
             Was a High Priest of Yredelemnul.
             Slain by a nagaraja
             ... wielding a +0 whip
              (12 damage)
             ... on level 2 of the Snake Pit.
             The game lasted 00:53:34 (26609 turns).

ytrimaz the Severer (Demonspawn Gladiator)         Turns: 26609, Time: 00:53:35

Health: 0/136      AC: 24    Str: 22    XL:     16   Next: 54%
Magic:  22/22      EV: 11    Int: 12    God:    Yredelemnul [*****.]
Gold:   1723       SH:  5    Dex: 15    Spells: 15/15 levels left

rFire   . . .      SeeInvis +    Z - +5 war axe
rCold   + . .      Faith    .    C - +0 buckler of the Four of Cups {rPois Regen+ Int+2 SInv}
rNeg    . . .      Spirit   .    d - +1 plate armour {rC+}
rPois   +          Reflect  .    c - +1 helmet
rElec   .          Harm     .    y - +0 cloak
rCorr   .          Rampage  .    (gloves unavailable)
Will    +....                    E - +0 pair of boots
Stlth   ..........               e - amulet of regeneration
HPRegen 1.92/turn                i - +4 ring of slaying
MPRegen 0.18/turn                o - +4 ring of slaying

@: lethally poisoned (0 -> 0), weakened, on berserk cooldown, hasted and slowed
A: repulsion field 2, demonic guardian 2, spiny 1, demonic touch 3, hooves 1,
wild magic 1
a: Renounce Religion, Recall Undead Harvest, Dark Bargain, Drain Life, Bind Soul


You were on level 2 of the Snake Pit.
You worshipped Yredelemnul.
Yredelemnul was aware of your devotion.
You visited 6 branches of the dungeon, and saw 27 of its levels.
You also visited: Sewer, Ossuary and Volcano.

You collected 2498 gold pieces.
You spent 775 gold pieces at shops.


Innate Abilities, Weirdness & Mutations

You are surrounded by a moderate repulsion field. (EV +3)
A demonic guardian rushes to your aid.
You are partially covered in sharp spines.
Your touch may irresistibly damage your foes and sap their willpower.
You have large cloven feet.
Your spells are a little harder to cast, but a little more powerful.


   Skills:
 - Level 15.0 Fighting
 + Level 17.4 Axes
 - Level 1.7 Throwing
 + Level 15.4 Armour
 - Level 2.6 Dodging
 + Level 5.4 Shields
 - Level 9.0 Invocations


You had 15 spell levels left.
You didn't know any spells.
Your spell library contained the following spells:

 Spells                   Type           Power      Damage    Failure   Level
 Beastly Appendage        Tmut           0%         N/A       99%         1
 Magic Dart               Conj           0%         1d3       99%         1
 Necrotise                Necr           0%         1d4       99%         1
 Sandblast                Erth           0%         2d4       99%         1
 Sting                    Tmut/Pois      0%         1d3       99%         1
 Blink                    Tloc           0%         N/A       100%        2
 Call Imp                 Summ           0%         N/A       100%        2
 Cigotuvi's Dreadful Rot  Necr/Pois/Air  0%         N/A       100%        2
 Passwall                 Tmut/Erth      0%         N/A       100%        2
 Poisonous Vapours        Pois/Air       0%         N/A       100%        2
 Searing Ray              Conj           0%         2d4       100%        2
 Static Discharge         Conj/Air       0%         2-2/arc   100%        2
 Wereblood                Tmut           0%         N/A       100%        2
 Ignite Poison            Fire/Tmut/Pois 0%         N/A       100%        3
 Lesser Beckoning         Tloc           0%         N/A       100%        3
 Mephitic Cloud           Conj/Pois/Air  0%         N/A       100%        3
 Spider Form              Tmut/Pois      0%         N/A       100%        3
 Stone Arrow              Conj/Erth      0%         3d7       100%        3
 Vampiric Draining        Necr           0%         2d6       100%        3
 Dispel Undead            Necr           0%         3d6       100%        4
 Fulminant Prism          Conj/Hex       0%         3d6       100%        4
 Manifold Assault         Tloc           0%         N/A       100%        4
 Olgreb's Toxic Radiance  Pois           0%         N/A       100%        4
 Sticky Flame             Conj/Fire      0%         2d3       100%        4
 Summon Ice Beast         Ice/Summ       0%         N/A       100%        4
 Agony                    Necr           0%         N/A       100%        5
 Freezing Cloud           Conj/Ice/Air   0%         6-21      100%        5
 Summon Forest            Summ/Tloc      0%         N/A       100%        5
 Summon Mana Viper        Hex/Summ       0%         N/A       100%        5
 Eringya's Noxious Bog    Tmut/Pois      0%         N/A       100%        6
 Monstrous Menagerie      Summ           0%         N/A       100%        7
 Summon Hydra             Summ           0%         N/A       100%        7

Inventory:

Hand Weapons
 l - a +2 vorpal broad axe
   (You found it on level 14 of the Dungeon)
 Q - a +2 battleaxe of flaming
   (You took it off a tengu warrior on level 15 of the Dungeon)
 Z - a +5 war axe (weapon)
   (You took it off a wight on level 7 of the Dungeon)
Missiles
 p - 2 javelins
 O - a throwing net
Armour
 c - a +1 helmet (worn)
 d - a +1 plate armour of cold resistance (worn)
   (You took it off an orc warlord on level 2 of the Orcish Mines)
 u - a +2 kite shield of reflection
   (You took it off a tengu warrior on level 15 of the Dungeon)
 y - a +0 cloak (worn)
   (You took it off Crazy Yiuf on level 5 of the Dungeon)
 C - the +0 buckler of the Four of Cups (worn) {rPois Regen+ Int+2 SInv}
   (You found it on level 11 of the Dungeon)

   Int:       It affects your intelligence (+2).
   rPois:     It protects you from poison.
   SInv:      It lets you see invisible.
   Regen:     It increases your rate of health regeneration.
 E - a +0 pair of boots (worn)
   (You found it on level 4 of the Dungeon)
 I - a +0 tower shield
   (You found it on level 7 of the Dungeon)
Jewellery
 e - an amulet of regeneration (around neck)
   (You found it on level 5 of the Lair of Beasts)
 i - a +4 ring of slaying (left hand)
   (You found it on level 1 of the Dungeon)
 o - a +4 ring of slaying (right hand)
   (You took it off a hobgoblin on level 3 of the Dungeon)
 t - a ring of willpower
   (You took it off a tengu warrior on level 15 of the Dungeon)
 A - a ring of positive energy
   (You found it in a sewer)
 G - a +4 ring of evasion
   (You found it on level 3 of the Lair of Beasts)
 M - an amulet of reflection
   (You found it on level 15 of the Dungeon)
Wands
 f - a wand of digging (5)
   (You took it off Robin on level 2 of the Dungeon)
 q - a wand of paralysis (10)
   (You found it on level 6 of the Dungeon)
 r - a wand of flame (21)
   (You found it on level 3 of the Dungeon)
 s - a wand of mindburst (14) (quivered)
   (You took it off Ijyb on level 3 of the Dungeon)
 P - a wand of roots (16)
   (You found it on level 8 of the Dungeon)
 V - a wand of quicksilver (17)
   (You found it on level 5 of the Lair of Beasts)
Scrolls
 k - 7 scrolls of enchant weapon
 m - 10 scrolls of teleportation
 F - a scroll of poison
 H - 6 scrolls of enchant armour
 L - 4 scrolls of amnesia
 R - 4 scrolls of silence
 S - 11 scrolls of identify
 T - 5 scrolls of butterflies
 W - 4 scrolls of vulnerability
 X - 2 scrolls of immolation
Potions
 b - 8 potions of ambrosia
 g - 3 potions of curing
 h - 4 potions of brilliance
 j - 3 potions of magic
 n - 6 potions of resistance
 v - a potion of berserk rage
 w - 6 potions of flight
 x - 2 potions of lignification
 B - a potion of haste
 J - 5 potions of mutation
 K - 4 potions of attraction

Dungeon Overview and Level Annotations

Branches:
Dungeon (15/15) Zot: 26034  Temple (0/1) D:6            Lair (5/5) D:10 Zot: 23509
  Swamp (1/4) Lair:2 Zot: 5998   Snake (3/4) Lair:2 Zot: 15773   Slime (0/5) Lair:4
    Orc (2/2) D:12 Zot: 10526     Elf (1/3) Orc:2 Zot: 5996  Vaults (0/5) D:14
 Depths (0/4) D:15          Sewer (visited)         Ossuary (visited)
Volcano (visited)

Altars:
Ashenzari
Fedhas
Hepliaklqana
Kikubaaqudgha
Qazlal
Trog
Vehumet
Yredelemnul
Jiyva

Shops:
D:4 !   D:14 !   D:15 ?   Orc:2 =*[(

Annotations:
D:5 2 transporters, jlumianski's ghost, novice GrGl
D:9 2 runed translucent doors, exclusion: obsidian statue
Lair:3 2 transporters, ragingrage's ghost, journeyman BaHu
Snake:2 1 transporter

#..<.##.##.#..'N..'.
#..#####.
#....##.#.....#...#
..#... #.
>.......##.#.###'###
#.##.### #<
#....##.#..# #⌠...⌠#
# #.# #
#######.##...#[....#
##.# . #.#
.##...ZZ## #. ..
#.## #...NZ..# # ...
#.# #.#N).#.# #####
#.# ..#8@8#... .^..#
#.# ...#Z3.# ...
###.# ##..#8.8# ##
#..N# ).[Z..
..♣⌠♣..8 #########
.©. ... ... ##


You could see 2 nagarajas, a naga ritualist (toxic aura, distracted, burning,
ally target), a friendly smoke demon (summoned, poisoned, easily poisoned), a
friendly nagaraja zombie, a friendly mana viper zombie, a friendly salamander
mystic zombie and 2 friendly salamander tyrant zombies.


Message History

The naga ritualist begins to radiate toxic energy.
* * * LOW HITPOINT WARNING * * *
Unknown command. 😨 HP[-1]
You take 1 damage, and now have 68/204 hp.
You slash the salamander mystic! You closely miss the nagaraja.
You feel very sick.
A salamander tyrant comes into view.
Your salamander tyrant zombie hits the salamander mystic but does no damage.
The nagaraja casts a spell at you. The poison arrow hits you!
You are more poisoned.
You partially resist.
* * * LOW HITPOINT WARNING * * *
😨 HP[-15]
You take 15 damage, and now have 53/204 hp.
You slash the salamander mystic! You closely miss the nagaraja.
You are no longer firmly anchored in space.
You feel very sick.
The salamander mystic hits you but does no damage.
The naga ritualist spits poison at you. The splash of poison hits you.
You resist.
* * * LOW HITPOINT WARNING * * *
Your nagaraja zombie barely misses the naga ritualist.
Your nagaraja zombie grabs the naga ritualist.
Your nagaraja zombie constricts the naga ritualist. 😱 HP[-3]
You take 3 damage, and now have 50/204 hp.
You slash the salamander mystic! You hit the nagaraja.
You feel very sick. The nagaraja hits you with a +0 whip.
* * * LOW HITPOINT WARNING * * *
The salamander tyrant gazes fiercely through you!
You feel as though you will be weak longer.
Your salamander tyrant zombie hits the salamander mystic. 😱 HP[-7]
You take 7 damage, and now have 43/204 hp.
Unknown command.
You slash the salamander mystic! You slash the salamander tyrant!
You slash the nagaraja!
You feel sick.
* * * LOW HITPOINT WARNING * * *
The nagaraja is struck by your spines. The nagaraja hits you with a +0 whip!
* * * LOW HITPOINT WARNING * * *
A demonic guardian appears!
The salamander mystic barely misses you.
The naga ritualist struggles to escape constriction. 😱 HP[-14]
You take 14 damage, and now have 29/204 hp.
Unknown command.
Unknown command.
You slash the salamander mystic!
You kill the salamander mystic!
You slash the salamander tyrant! You hit the nagaraja.
The dead are walking!
You can now drain ambient life force.
You can now bind living souls.
You feel sick.
The salamander tyrant hits you but does no damage.
Your nagaraja zombie hits the naga ritualist but does no damage.
Your nagaraja zombie constricts the naga ritualist.
The nagaraja is struck by your spines.
The nagaraja closely misses you. 😱 HP[-1]
You take 1 damage, and now have 28/204 hp.
You slice the salamander tyrant!! You hit the nagaraja but do no damage.
You feel sick.
Your salamander tyrant zombie hits the salamander tyrant!
The nagaraja gestures at you while chanting.
The bolt of poison misses you. 😱 HP[-1]
You take 1 damage, and now have 27/204 hp.
Unknown command.
You slash the salamander tyrant!
You kill the salamander tyrant!
You slash the nagaraja!
The dead are walking!
You feel sick.
The naga ritualist calls down the wrath of its god upon you.
Your smoke demon grows more vulnerable to poison.
Your nagaraja zombie hits the naga ritualist but does no damage.
Your nagaraja zombie constricts the naga ritualist. 😱 HP[-1]
You take 1 damage, and now have 26/204 hp.
Unknown command.
You slash the nagaraja!
You feel sick.
Your smoke demon is poisoned.
The nagaraja closely misses you.
Your salamander mystic zombie barely misses the nagaraja.
Your salamander tyrant zombie hits the nagaraja.
Your smoke demon gestures at the naga ritualist.
The sticky flame hits the naga ritualist!
The naga ritualist is covered in liquid flames!
Unknown command.
You barely miss the nagaraja.
You are no longer berserk.
You are exhausted.
You feel yourself slow down.
You feel sick.
The nagaraja hits you from afar with a +0 halberd.
* * * LOW HITPOINT WARNING * * *
The naga ritualist hits your smoke demon from afar with a +0 glaive!!
The nagaraja is struck by your spines. The nagaraja hits you with a +0 whip!
You die...
Your body rises from the dead as a mindless zombie.

Skill      XL: |  1  2  3  4  5  6  7  8  9 10 11 12 13 14 15 16 |
---------------+-------------------------------------------------+-----
Axes           | 3 4 5 6 8 9 10 11 13 14 16 17 | 17.4
Fighting       | 3 4 5 7 8 9 11 12 14 15 | 15.0
Armour         | 4 5 6 9 12 14 15 | 15.4
Invocations    | 4 8 9 |  9.0
Shields        | 2 5 |  5.4
Throwing       | |  1.7
Dodging        | |  2.6

Action                   |  1- 3 |  4- 6 |  7- 9 | 10-12 | 13-15 | 16-18 || total
-------------------------+-------+-------+-------+-------+-------+-------++-------
Melee: War axe           |    51 |    77 |   208 |   366 |   813 |   277 ||  1792
       Hand axe          |       |    20 |       |       |       |       ||    20
       Touch             |       |     5 |    34 |    25 |       |       ||    64
       Punch             |       |     2 |     1 |     4 |       |       ||     7
       Battleaxe         |       |       |       |       |     9 |       ||     9
Invok: Recall Undead Har |       |       |       |     1 |     1 |       ||     2
       Dark Bargain      |       |       |       |     1 |     1 |       ||     2
       Bind Soul         |       |       |       |       |     2 |       ||     2
Evoke: Wand              |       |       |       |       |     8 |       ||     8
  Use: Scroll            |     2 |     5 |    11 |     6 |    11 |     8 ||    43
       Potion            |     1 |     2 |     2 |     4 |    20 |     7 ||    36
 Stab: Distracted        |       |       |     1 |     5 |    13 |     1 ||    20
       Invisible         |       |       |       |     2 |    25 |       ||    27
       Petrified         |       |       |       |       |     2 |       ||     2
Armor: Leather armour    |    14 |       |       |       |       |       ||    14
       Chain mail        |       |    44 |    44 |       |       |       ||    88
       Ring mail         |       |       |    46 |   133 |   314 |    14 ||   507
       Plate armour      |       |       |       |       |       |   108 ||   108
Dodge: Dodged            |    33 |    52 |   135 |   211 |   523 |   102 ||  1056
Block: Buckler           |       |       |       |    86 |   264 |    50 ||   400
       Reflection        |       |       |       |     4 |     1 |       ||     5
       Other             |       |       |       |       |     2 |       ||     2

Levels and vault maps discovered:
D:1:      roderic_crop_circles_arrival_small, layout_rooms,
          shapermc_ecumenical_altar_totnotflames, chequers_serial_rivers_room_a,
          st_stairs_2, nicolae_kite_square_tiling_tiny
D:2:      layout_basic, guppyfry_early_lair_pool, uniq_robin, uniq_terence
D:3:      layout_basic, chequers_serial_rivers_large_a, uniq_ijyb, uniq_natasha,
          uniq_sigmund
D:4:      layout_basic, mainiacjoe_overflow_boulevard, elyvilon_altar_1,
          serial_bayou, serial_bayou_ford_a, serial_bayou_pond_e,
          serial_bayou_crossing, serial_bayou_pond_e, serial_shops,
          nicolae_shop_advertising_works [nicolae_subvault_shop_adworks],
          portal_sewer_entry_d
D:5:      layout_basic, fedhas_altar_1, nicolae_qazlal_eye_of_the_storm,
          gammafunk_temple_overflow_statue, gammafunk_ghost_smash,
          minmay_misc_feat_enclosed, uniq_crazy_yiuf_cottage, uniq_pikel,
          uniq_prince_ribbit1
D:6:      layout_gridville, lemuel_mausoleum_altar_yredelemnul,
          tgw_kikubaaqudgha, minmay_temple_entry_hall
D:7:      layout_basic, enter_ossuary_3
D:8:      layout_basic, palyth_stone_intersect
D:9:      layout_roguey, minmay_statue_crystal_thing
D:10:     minmay_curly_fans, layout_cave_pools, lair_entry_dummy, uniq_fannar
D:11:     layout_gridville, kennysheep_generic_room_8
D:12:     layout_loops_ring, zombieorc2_lemuel, uniq_snorg, uniq_lodul,
          uniq_maurice
D:13:     layout_basic
D:14:     layout_cave_pools, grunt_vaults_entry_tiered, serial_shops, shop,
          serial_rivers, chequers_serial_rivers_small_a,
          chequers_serial_rivers_small_a, chequers_serial_rivers_small_3,
          chequers_serial_rivers_room_b, chequers_serial_rivers_room_b,
          chequers_serial_rivers_small_a
D:15:     grunt_enter_depths_giant_problem, layout_cave_pools, serial_shops,
          nicolae_diamond_shop, gammafunk_ghost_wrathful_warriors,
          chequers_decorated_corner, drop_trap
Lair:1:   layout_roguey [special_room_bee], grunt_megastairs_1
Lair:2:   layout_gridlike, skrybe_swamp_entry_bodies,
          guppyfry_snake_entry_island, nicolae_volcano_entry_vermiform,
          lemuel_fruit_tree
Lair:3:   layout_regular_city, gammafunk_ghost_arena, uniq_gastronok
Lair:4:   layout_gridlike, slime_entry_1, uniq_rupert, uniq_josephine
Lair:5:   guppyfry_lair_end_dragon, layout_hall_layers,
          hangedman_lair_in_review, columned_hall_lemuel, grunt_megastairs_2,
          serial_bayou_shore_b
Swamp:1:  layout_basic_swamp, evilmike_swamp_ruin_house_5
Snake:1:  layout_chambers
Snake:2:  gammafunk_sealed_library, layout_rooms, drop_trap
Snake:3:  layout_layer_cave, basic_altar
Orc:1:    layout_diamond_mine
Orc:2:    st_orc_congregation, layout_diamond_mine
Elf:1:    minmay_elf_arrival_plus, layout_loops_corners, ebering_ghost_gozag,
          evilmike_minifort

Notes
Turn   | Place    | Note
-------+----------+-------------------------------------------
     0 | D:1      | ytrimaz the Demonspawn Gladiator began the quest for the
                  | Orb.
     0 | D:1      | Reached XP level 1. HP: 16/16 MP: 1/1
     0 | D:1      | magus.rc [v1.9.6]
   175 | D:1      | Reached skill level 3 in Axes
   175 | D:1      | Gained mutation: You are partially covered in sharp spines.
                  | [demonic ancestry]
   175 | D:1      | Reached XP level 2. HP: 16/23 MP: 2/2
   517 | D:1      | Found a faded altar of an unknown god.
   806 | D:2      | Gained mutation: You are surrounded by a mild repulsion
                  | field. (EV +2) [demonic ancestry]
   806 | D:2      | Reached XP level 3. HP: 28/28 MP: 3/3
   884 | D:2      | Reached skill level 3 in Fighting
  1164 | D:2      | Noticed Terence
  1176 | D:2      | HP: 5/29 [Terence/+0 mace (7)]
  1178 | D:2      | Killed Terence
  1179 | D:2      | Reached XP level 4. HP: 31/35 MP: 4/4
  1277 | D:2      | Noticed Robin
  1552 | D:2      | Killed Robin
  1639 | D:2      | You pick up a book of Touch and begin reading...
  1639 | D:2      | You add the spells Static Discharge, Sticky Flame and
                  | Dispel Undead to your library.
  1791 | D:2      | Reached skill level 4 in Axes
  2018 | D:2      | You pick up a book of Necromancy and begin reading...
  2018 | D:2      | You add the spells Necrotise, Vampiric Draining and Agony
                  | to your library.
  2282 | D:3      | Identified the +0 pair of boots "Mytz" {MP-9 Int+4 Dex+3}
  2332 | D:3      | Noticed Natasha
  2338 | D:3      | Killed Natasha
  2339 | D:3      | Reached XP level 5. HP: 40/42 MP: 0/5
  2379 | D:3      | Noticed Ijyb
  2380 | D:3      | Reached skill level 4 in Fighting
  2389 | D:3      | Killed Ijyb
  2609 | D:3      | Noticed Natasha
  2615 | D:3      | Killed Natasha
  2776 | D:3      | Identified the +9 spear "Impslayer" {vorpal, *Rage +Blink
                  | rF+ Str+5}
  2834 | D:3      | Noticed Sigmund
  2841 | D:3      | Killed Sigmund
  2842 | D:3      | Reached skill level 5 in Axes
  2842 | D:3      | Gained mutation: Your touch may inflict minor irresistible
                  | damage on your foes. [demonic ancestry]
  2842 | D:3      | Reached XP level 6. HP: 42/50 MP: 0/6
  2845 | D:3      | Noticed Natasha
  2851 | D:3      | Killed Natasha
  2852 | D:3      | Reached skill level 5 in Fighting
  3146 | D:3      | You pick up a book of Changes and begin reading...
  3146 | D:3      | You add the spells Beastly Appendage, Wereblood and Spider
                  | Form to your library.
  3668 | D:4      | Found a glowing drain.
  3735 | D:4      | Found a hazy altar of Hepliaklqana.
  3777 | Sewer    | Entered a sewer
  3896 | Sewer    | Gained mutation: Your touch may inflict irresistible damage
                  | on your foes. [demonic ancestry]
  3896 | Sewer    | Reached XP level 7. HP: 56/56 MP: 0/7
  4348 | D:4      | Found Vinnaziu's Distillery.
  4355 | D:4      | Reached skill level 6 in Fighting
  4364 | D:4      | Bought 2 potions of lignification for 60 gold pieces
  4364 | D:4      | Bought a potion of invisibility for 80 gold pieces
  4805 | D:5      | Entered Level 5 of the Dungeon
  4813 | D:5      | Reached skill level 6 in Axes
  4845 | D:5      | Noticed Pikel
  4856 | D:5      | Killed Pikel
  4857 | D:5      | Reached skill level 7 in Fighting
  4857 | D:5      | Gained mutation: A weak demonic guardian rushes to your
                  | aid. [demonic ancestry]
  4857 | D:5      | Reached XP level 8. HP: 45/67 MP: 0/8
  5010 | D:5      | Reached skill level 7 in Axes
  5081 | D:5      | Found a transporter.
  5088 | D:5      | Found a transporter.
  5089 | D:5      | Noticed jlumianski's ghost (novice GrGl)
  5091 | D:5      | Identified the +9 dire flail "Tolae" {venom, rN++ Int+5}
  5117 | D:5      | Found a radiant altar of Vehumet.
  5174 | D:5      | Found a blossoming altar of Fedhas.
  5412 | D:5      | Found a runed translucent door.
  5413 | D:5      | Noticed Crazy Yiuf
  5447 | D:5      | Killed Crazy Yiuf
  5504 | D:5      | Found a stormy altar of Qazlal.
  5551 | D:5      | Found a broken altar of Ashenzari.
  5555 | D:5      | Noticed Prince Ribbit
  5559 | D:5      | Killed Prince Ribbit
  5560 | D:5      | Reached skill level 8 in Fighting
  5907 | D:6      | Reached skill level 8 in Axes
  5939 | D:6      | Reached XP level 9. HP: 32/75 MP: 9/9
  6452 | D:6      | Found a staircase to the Ecumenical Temple.
  6475 | D:6      | Found an ancient bone altar of Kikubaaqudgha.
  6535 | D:6      | Reached skill level 1 in Armour
  6635 | D:6      | Found a basalt altar of Yredelemnul.
  6663 | D:6      | Reached skill level 9 in Fighting
  6670 | D:6      | Became a worshipper of Yredelemnul the Dark
  7090 | D:6      | Reached * piety under Yredelemnul
  7090 | D:6      | Reached skill level 2 in Armour
  7149 | D:7      | HP: 16/75 [wight/+5 spear of freezing (8)]
  7154 | D:7      | HP: 18/76 [poisoned by an orc wizard]
  7157 | D:7      | HP: 7/76 [wight/+5 spear of freezing (2)]
  7158 | D:7      | HP: 3/75 [wight/+5 spear of freezing (1)]
  7159 | D:7      | Reached skill level 3 in Armour
  7363 | D:7      | Reached skill level 9 in Axes
  7390 | D:7      | Found a sand-covered staircase.
  7402 | Ossuary  | Entered an ossuary
  7609 | Ossuary  | Noticed a silent spectre
  7656 | D:7      | Reached skill level 4 in Armour
  7742 | D:7      | You pick up a book of Vapours and begin reading...
  7742 | D:7      | You add the spells Poisonous Vapours and Cigotuvi's
                  | Dreadful Rot to your library.
  7898 | D:7      | Reached XP level 10. HP: 85/85 MP: 10/10
  7901 | D:7      | Reached skill level 10 in Fighting
  7905 | D:7      | Reached ** piety under Yredelemnul
  8179 | D:7      | Reached *** piety under Yredelemnul
  8401 | D:7      | magus.rc [v1.9.6]
  8512 | D:8      | You pick up a book of Conjurations and begin reading...
  8512 | D:8      | You add the spells Magic Dart, Searing Ray and Fulminant
                  | Prism to your library.
  8948 | D:8      | Reached skill level 5 in Armour
  9222 | D:9      | Paralysed by a hornet for 2 turns
  9229 | D:9      | Reached skill level 10 in Axes
  9668 | D:9      | Found a runed translucent door.
  9677 | D:9      | Found a runed translucent door.
  9700 | D:9      | Found a runed translucent door.
  9716 | D:9      | Found a runed translucent door.
  9817 | D:9      | Reached skill level 1 in Invocations
  9820 | D:9      | Reached **** piety under Yredelemnul
  9822 | D:9      | Reached skill level 2 in Invocations
  9824 | D:9      | Reached ***** piety under Yredelemnul
  9824 | D:9      | Reached skill level 11 in Fighting
  9889 | D:9      | Reached skill level 3 in Invocations
  9905 | D:9      | Reached ****** piety under Yredelemnul
 10100 | D:9      | Noticed an obsidian statue
 10145 | D:10     | Entered Level 10 of the Dungeon
 10309 | D:10     | Found a staircase to the Lair.
 10358 | D:10     | Noticed Fannar
 10372 | D:10     | Killed Fannar
 10373 | D:10     | Reached skill level 4 in Invocations
 10373 | D:10     | Reached XP level 11. HP: 52/93 MP: 6/14
 10821 | D:10     | You add the spells Sting and Olgreb's Toxic Radiance to
                  | your library.
 10828 | D:10     | Noticed a two-headed ogre
 10829 | D:10     | Noticed a centaur warrior
 10833 | D:10     | Killed a two-headed ogre
 10840 | D:10     | Killed a centaur warrior
 10841 | D:10     | Reached skill level 5 in Invocations
 11419 | D:11     | Reached skill level 11 in Axes
 11419 | D:11     | Reached skill level 6 in Invocations
 11513 | D:11     | Identified the +0 buckler of the Four of Cups {rPois Regen+
                  | Int+2 SInv}
 11685 | D:11     | Noticed a two-headed ogre
 11700 | D:11     | Killed a two-headed ogre
 12056 | D:12     | Noticed Maurice
 12059 | D:12     | Noticed a two-headed ogre
 12067 | D:12     | Killed a two-headed ogre
 12068 | D:12     | Reached skill level 12 in Fighting
 12074 | D:12     | Killed Maurice
 12075 | D:12     | Reached skill level 7 in Invocations
 12190 | D:12     | Found a staircase to the Orcish Mines.
 12281 | D:12     | Noticed a two-headed ogre
 12287 | D:12     | Killed a two-headed ogre
 12288 | D:12     | Reached skill level 8 in Invocations
 12355 | D:12     | Noticed a white ugly thing
 12363 | D:12     | Killed a white ugly thing
 12491 | D:12     | Noticed a deep elf pyromancer
 12493 | D:12     | Noticed Snorg
 12496 | D:12     | Killed a deep elf pyromancer
 12502 | D:12     | Killed Snorg
 12503 | D:12     | Gained mutation: A demonic guardian rushes to your aid.
                  | [demonic ancestry]
 12503 | D:12     | Reached XP level 12. HP: 89/103 MP: 18/18
 12657 | D:12     | HP: 17/103 [very large slime creature (35)]
 12658 | D:12     | Noticed Lodul
 12659 | D:12     | HP: 4/103 [slime creature (15)]
 12672 | D:12     | Reached skill level 9 in Invocations
 12680 | D:12     | Reached skill level 12 in Axes
 12695 | D:12     | Killed Lodul
 12696 | D:12     | Reached skill level 13 in Fighting
 13050 | D:13     | Noticed a centaur warrior
 13057 | D:13     | Noticed a centaur warrior
 13058 | D:13     | Killed a centaur warrior
 13067 | D:13     | Killed a centaur warrior
 13130 | D:13     | You pick up a book of Minor Magic and begin reading...
 13130 | D:13     | You add the spells Call Imp and Mephitic Cloud to your
                  | library.
 13152 | D:13     | Noticed a two-headed ogre
 13158 | D:13     | Killed a two-headed ogre
 13173 | D:13     | Reached skill level 6 in Armour
 13177 | D:13     | Noticed a boulder beetle
 13182 | D:13     | Noticed a boulder beetle
 13199 | D:13     | Noticed a tengu warrior
 13208 | D:13     | Killed a boulder beetle
 13215 | D:13     | Killed a boulder beetle
 13219 | D:13     | Killed a tengu warrior
 13220 | D:13     | Reached skill level 13 in Axes
 13465 | D:13     | Reached skill level 14 in Fighting
 14077 | Lair:1   | Entered Level 1 of the Lair of Beasts
 14258 | Lair:1   | Gained mutation: You are surrounded by a moderate repulsion
                  | field. (EV +3) [demonic ancestry]
 14258 | Lair:1   | Reached XP level 13. HP: 93/113 MP: 19/19
 14344 | Lair:1   | Reached skill level 7 in Armour
 14764 | Lair:1   | You add the spells Ignite Poison and Freezing Cloud to your
                  | library.
 15062 | Lair:2   | Found a staircase to the Snake Pit.
 15291 | Lair:2   | HP: 25/114 [komodo dragon (25)]
 15366 | Lair:2   | Reached skill level 8 in Armour
 15648 | Lair:2   | Found a dark tunnel.
 15656 | Volcano  | Entered a volcano
 15769 | Volcano  | HP: 26/114 [steam dragon/ball of steam (12)]
 15845 | Volcano  | Reached skill level 15 in Fighting
 15845 | Volcano  | Reached skill level 14 in Axes
 15907 | Volcano  | Noticed a fire dragon
 15907 | Volcano  | Found the +2 cloak of the Thief {*Fog Slay-2 SInv Stlth+}
 15920 | Volcano  | Killed a fire dragon
 16134 | Lair:2   | Found a staircase to the Swamp.
 16431 | Swamp:1  | Entered Level 1 of the Swamp
 16537 | Lair:3   | Reached skill level 9 in Armour
 16811 | Lair:3   | Noticed ragingrage's ghost (journeyman BaHu)
 16813 | Lair:3   | Found a transporter.
 16834 | Lair:3   | Noticed Gastronok
 16845 | Lair:3   | Killed Gastronok
 16846 | Lair:3   | Gained mutation: Your touch may irresistibly damage your
                  | foes and sap their willpower. [demonic ancestry]
 16846 | Lair:3   | Reached XP level 14. HP: 96/123 MP: 20/20
 17114 | Lair:3   | Found a transporter.
 17247 | Lair:4   | You pick up a book of Geomancy and begin reading...
 17247 | Lair:4   | You add the spells Sandblast, Passwall and Stone Arrow to
                  | your library.
 17357 | Lair:4   | Found a viscous altar of Jiyva.
 17360 | Lair:4   | Found a staircase to the Slime Pits.
 17542 | Lair:4   | Noticed Rupert
 17546 | Lair:4   | Noticed Josephine
 17552 | Lair:4   | HP: 27/123 [Rupert/+0 battleaxe of flaming (5)]
 18046 | Lair:4   | Killed Josephine
 18466 | Lair:4   | Killed Rupert
 18467 | Lair:4   | Reached skill level 10 in Armour
 18517 | Lair:4   | magus.rc [v1.9.6]
 18527 | Lair:5   | Entered Level 5 of the Lair of Beasts
 18622 | Lair:5   | Reached skill level 15 in Axes
 19201 | Lair:5   | Reached skill level 11 in Armour
 19386 | Lair:5   | HP: 30/123 [death yak (16)]
 19625 | Lair:5   | Found the +7 great mace "Firestarter" {inner flame, rF++}
 19746 | Lair:5   | Identified the +2 shortbow of the Blessed Realm {venom,
                  | rF++ rCorr}
 20292 | Lair:5   | Reached skill level 16 in Axes
 21003 | D:14     | Reached skill level 12 in Armour
 21005 | D:14     | HP: 26/123 [centaur warrior/arrow (10)]
 21008 | D:14     | Reached XP level 15. HP: 47/129 MP: 21/21
 21016 | D:14     | HP: 32/129 [red ugly thing (11)]
 21048 | D:14     | HP: 32/129 [meliai/divine providence (12)]
 21051 | D:14     | HP: 12/129 [meliai/+0 war axe (13)]
 21056 | D:14     | Reached skill level 13 in Armour
 21371 | D:14     | Identified the +12 sling of Due Proportion {vorpal, Stlth+}
 21392 | D:14     | Found a gate to the Vaults.
 21525 | D:14     | Found Ecwust's Distillery.
 21534 | D:14     | Bought a potion of haste for 170 gold pieces
 21534 | D:14     | Bought a potion of heal wounds for 85 gold pieces
 21534 | D:14     | Bought a potion of resistance for 170 gold pieces
 21649 | D:14     | You pick up a book of Spatial Translocations and begin
                  | reading...
 21649 | D:14     | You add the spells Blink, Lesser Beckoning and Manifold
                  | Assault to your library.
 21758 | D:15     | Entered Level 15 of the Dungeon
 21820 | D:15     | Noticed Bialiabluu's ghost (adept GrEE)
 21823 | D:15     | Found a transporter.
 21834 | D:15     | Found a transporter.
 21835 | D:15     | Found a bloodstained altar of Trog.
 21873 | D:15     | Reached skill level 14 in Armour
 21909 | D:15     | HP: 29/129 [Bialiabluu's ghost/bolt of magma (33)]
 21915 | D:15     | Killed Bialiabluu's ghost
 22024 | D:15     | Found a staircase to the Depths.
 22352 | D:15     | HP: 31/129 [tengu warrior/stone (15)]
 22396 | D:15     | Found Xothadd's Magic Scroll Emporium.
 22416 | D:15     | Bought a scroll of blinking for 105 gold pieces
 22416 | D:15     | Bought a scroll of enchant weapon for 105 gold pieces
 22499 | D:15     | You pick up a book of Beasts and begin reading...
 22499 | D:15     | You add the spells Summon Ice Beast, Summon Mana Viper and
                  | Monstrous Menagerie to your library.
 22702 | Orc:1    | Entered Level 1 of the Orcish Mines
 22810 | Orc:2    | Entered Level 2 of the Orcish Mines
 23047 | Orc:2    | Reached skill level 1 in Shields
 23144 | Orc:2    | Found a staircase to the Elven Halls.
 23620 | Orc:2    | Reached skill level 2 in Shields
 23827 | Orc:2    | Reached XP level 16. HP: 121/136 MP: 22/22
 23878 | Orc:2    | Gained mutation: You are frail. (-10% HP) [a neqoxec]
 24074 | Orc:2    | Found Ojuasen's Antique Armour Shoppe.
 24075 | Orc:2    | Found Guneytiu's Antique Weapon Shoppe.
 24077 | Orc:2    | Found Ques's General Store.
 24077 | Orc:2    | Found Jamm's Jewellery Emporium.
 24120 | Orc:2    | Lost mutation: You are frail. (-10% HP) [potion of
                  | mutation]
 24120 | Orc:2    | Gained mutation: Your magical capacity is low. (-10% MP)
                  | [potion of mutation]
 24121 | Orc:2    | Lost mutation: Your magical capacity is low. (-10% MP)
                  | [potion of mutation]
 24121 | Orc:2    | Gained mutation: You have large cloven feet. [potion of
                  | mutation]
 24121 | Orc:2    | Gained mutation: Your spells are a little harder to cast,
                  | but a little more powerful. [potion of mutation]
 24163 | Elf:1    | Entered Level 1 of the Elven Halls
 24319 | Snake:1  | Entered Level 1 of the Snake Pit
 24338 | Snake:1  | Reached skill level 3 in Shields
 24893 | Snake:1  | You add the spells Summon Forest, Eringya's Noxious Bog and
                  | Summon Hydra to your library.
 25689 | Snake:2  | Reached skill level 17 in Axes
 25692 | Snake:2  | Reached skill level 15 in Armour
 25972 | Snake:2  | Reached skill level 4 in Shields
 26142 | Snake:2  | HP: 32/136 [naga warrior/+0 trident (30)]
 26144 | Snake:2  | Found a radiant altar of Vehumet.
 26144 | Snake:2  | Identified the ring of Watitubb {+Blink rElec Will+}
 26147 | Snake:2  | HP: 28/136 [poisoned by a nagaraja (poison arrow)]
 26152 | Snake:2  | HP: 14/136 [poisoned by a nagaraja (poison arrow)]
 26157 | Snake:2  | HP: 17/136 [poisoned by a nagaraja (poison arrow)]
 26168 | Snake:2  | HP: 33/136 [black mamba[a naga ritualist] (2)]
 26170 | Snake:2  | HP: 13/136 [black mamba[a naga ritualist] (8)]
 26184 | Snake:2  | HP: 32/136 [black mamba[a naga ritualist] (12)]
 26330 | Snake:2  | Found a transporter.
 26385 | Snake:2  | Reached skill level 5 in Shields
 26400 | Snake:2  | HP: 28/136 [naga warrior/+0 dire flail of protection (34)]
 26602 | Snake:2  | HP: 51/204 [poisoned by a nagaraja (poison arrow)]
 26607 | Snake:2  | HP: 26/204 [poisoned by a nagaraja (poison arrow)]
 26609 | Snake:2  | HP: 12/136 [nagaraja/+0 halberd (4)]
 26609 | Snake:2  | Slain by a nagaraja

Vanquished Creatures
  Rupert (Lair:4)
  3 nagarajas (Snake:2)
  An orc warlord (Orc:2)
  A stone giant (D:15)
  Snorg (D:12)
  Josephine (Lair:4)
  3 fire dragons
  Fannar (D:10)
  2 hydras (Lair:5)
  A vault guard (D:14)
  A boulder beetle (D:13)
  2 salamander tyrants (Snake:2)
  2 catoblepae
  4 centaur warriors
  4 two-headed ogres
  3 death yaks (Lair:5)
  2 naga warriors (Snake:2)
  An anaconda (Snake:2)
  3 orc high priests (Orc:2)
  2 shock serpents (Snake:1)
  6 naga sharpshooters (Snake:2)
  5 tengu warriors
  3 sun demons (Volcano)
  2 salamander mystics (Snake:2)
  2 deep trolls (D:15)
  A swamp dragon (Lair:5)
  3 lindwurms
  A wizard (D:14)
  2 bog bodies (Lair:2)
  Pikel (D:5)
  5 mana vipers (Snake:2)
  A necromancer (D:14)
  3 orc knights
  3 deep elf pyromancers
  16 ugly things
  2 moths of wrath (D:15)
  5 cyclopes
  3 manticores
  5 orc sorcerers
  A guardian serpent (Snake:2)
  12 elephants
  3 naga magi
  Maurice (D:12)
  13 black mambas
  3 smoke demons (Volcano)
  9 cane toads
  A yaktaur (D:14)
  6 komodo dragons
  4 rime drakes
  2 tengu conjurers
  4 polar bears
  5 meliai
  4 trolls
  Prince Ribbit (D:5)
  A hornet (D:9)
  6 slime creatures
  16 blink frogs
  A wyvern (Lair:2)
  Sigmund (D:3)
  11 humans (D:14)
  5 wraiths
  24 yaks
  3 vampire mosquitoes (D:14)
  5 basilisks
  7 steam dragons
  8 nagas
  A two-headed ogre zombie (D:12)
  2 wargs
  A hell hound (Volcano)
  An acid dragon (Lair:5)
  9 water moccasins
  A swamp drake (Lair:5)
  24 orc warriors
  2 black bears
  12 ogres
  3 boggarts
  9 centaurs
  10 wolves
  4 phantoms
  3 kobold brigands
  2 gnoll sergeants (D:9)
  10 bullfrogs
  2 necrophages (D:6)
  3 scorpions
  2 water moccasin zombies
  8 wights
  30 killer bees
  2 electric eels (Lair:4)
  2 howler monkeys
  6 centaur zombies
  3 bullfrog zombies
  3 jellies
  A human zombie (D:6)
  22 orc priests
  5 hounds
  Terence (D:2)
  Crazy Yiuf (D:5)
  2 scorpion zombies (Ossuary)
  Ijyb (D:3)
  Natasha (thrice) (D:3)
  3 iguanas
  29 orc wizards
  A merfolk avatar (Sewer)
  A merfolk siren (Sewer)
  5 ogre zombies
  5 mummies
  A howler monkey zombie (D:6)
  Robin (D:2)
  12 adders
  16 gnolls
  3 river rats (Sewer)
  2 shadow imps
  2 white imps
  An adder zombie (Ossuary)
  4 dart slugs
  51 orcs
  2 bats (D:2)
  5 endoplasms
  3 giant cockroaches
  2 gnoll zombies (Ossuary)
  14 goblins
  7 hobgoblins
  6 jackals
  4 quokkas
  13 ball pythons
  5 frilled lizards
  A goblin skeleton (D:12)
  8 goblin zombies
  6 hobgoblin zombies
  22 kobolds
  An orc skeleton (D:12)
  13 orc zombies
  26 rats
731 creatures vanquished.

Vanquished Creatures (collateral kills)
  Gastronok (Lair:3)
  The ghost of Bialiabluu the Warrior, an adept GrEE of Gozag (D:15)
  2 hydras
  2 centaur warriors
  A two-headed ogre (D:13)
  2 tengu warriors (D:15)
  3 death yaks (Lair:5)
  2 boulder beetles
  2 naga warriors (Snake:2)
  An orc high priest (Orc:2)
  A deep elf knight (D:14)
  Lodul (D:12)
  A naga ritualist (Snake:2)
  A wizard (D:14)
  5 ugly things (D:14)
  A salamander (Snake:1)
  2 orc knights
  A manticore (Lair:5)
  A mana viper (Snake:2)
  A cyclops (D:13)
  3 elephants (Lair:5)
  3 black mambas
  A smoke demon (Volcano)
  7 cane toads
  A rime drake (shapeshifter) (D:14)
  2 rime drakes
  An efreet (D:15)
  2 tengu conjurers (D:15)
  A queen bee (Lair:1)
  4 meliai
  5 blink frogs
  3 slime creatures
  2 dream sheep (Lair:5)
  2 shadows
  A wraith (Lair:4)
  A wyvern (Lair:5)
  8 humans (D:14)
  4 yaks
  A steam dragon (Volcano)
  A vampire mosquito (D:14)
  A basilisk (Lair:5)
  A two-headed ogre zombie (D:12)
  2 wargs (D:15)
  An acid dragon (D:13)
  2 nagas
  2 water moccasins (Lair:2)
  5 wolves
  An ogre (D:6)
  3 boggarts
  A centaur (D:14)
  A bullfrog (D:8)
  2 wights (D:7)
  A troll zombie (D:12)
  3 killer bees (Lair:1)
  A howler monkey (D:14)
  An electric eel (Lair:2)
  4 orc priests
  2 iguanas (Lair:5)
  An orc wizard (D:7)
  A killer bee zombie (D:9)
  An ogre zombie (D:12)
  11 orcs
  2 goblin zombies (D:12)
  An orc skeleton (D:12)
  An orc zombie (D:12)
137 creatures vanquished.

Vanquished Creatures (others)
  A two-headed ogre (D:10)
  2 spectral hydras
  An anaconda zombie (Snake:2)
  2 ugly thing zombies
  A naga mage (Snake:2)
  A death yak zombie (Lair:5)
  An unseen horror (D:12)
  An unseen horror zombie (D:12)
  A mana viper zombie (Snake:2)
  2 hydra zombies
  A fire dragon zombie (D:14)
  4 meliai zombies
  2 black mamba zombies
  A slime creature zombie (D:12)
  4 two-headed ogre zombies
  4 human zombies (D:14)
  6 cane toad zombies
  4 spectral smoke demons (Volcano)
  4 elephant zombies (Lair:5)
  A lindwurm zombie (Lair:5)
  A manticore zombie (Lair:5)
  6 naga zombies (Snake:2)
  A human (D:6)
  A vampire mosquito zombie (D:14)
  A wolf (Lair:5)
  2 centaurs (D:14)
  2 rime drake zombies (Lair:5)
  A komodo dragon zombie (Lair:5)
  2 water moccasin zombies
  A warg zombie (D:15)
  4 yak zombies
  A polar bear zombie (Lair:4)
  A tengu zombie (D:15)
  4 wolf zombies
  11 centaur zombies
  A bullfrog zombie (Lair:2)
  A basilisk zombie (Lair:1)
  A boggart zombie (D:15)
  7 killer bee zombies (Lair:1)
  An ogre zombie (Orc:2)
  A spectral electric eel (Lair:2)
  2 steam dragon zombies (Lair:5)
  An orc (Orc:2)
  A gnoll zombie (D:9)
  46 orc zombies
  37 fungi
  63 plants
245 creatures vanquished.

Grand Total: 1113 creatures vanquished

Table legend:
 A = Non-vault XP
 B = Vault XP
 C = Vault XP percentage of total XP
 D = Non-vault monster count
 E = Vault monster count
 F = Vault count percentage of total count
                 A         B        C        D         E       F
            +---------+---------+-------+---------+---------+-------
      Total |  111129 |   76062 |  40.6 |     506 |     366 |  42.0
            +---------+---------+-------+---------+---------+-------
        D:1 |      22 |       5 |  18.5 |      10 |       3 |  23.1
        D:2 |      66 |      71 |  51.8 |      23 |      12 |  34.3
        D:3 |     105 |     286 |  73.1 |      15 |       3 |  16.7
        D:4 |     225 |      13 |   5.5 |      16 |       1 |   5.9
        D:5 |     464 |     964 |  67.5 |      15 |       3 |  16.7
        D:6 |     850 |     548 |  39.2 |      21 |      12 |  36.4
        D:7 |    2701 |       0 |   0.0 |      41 |       0 |   0.0
        D:8 |     460 |       0 |   0.0 |      11 |       0 |   0.0
        D:9 |    2960 |       0 |   0.0 |      32 |       0 |   0.0
       D:10 |    1398 |    2009 |  59.0 |       8 |       3 |  27.3
       D:11 |    2097 |     312 |  13.0 |      15 |       1 |   6.2
       D:12 |    7241 |    4060 |  35.9 |      20 |      48 |  70.6
       D:13 |    8903 |       0 |   0.0 |      17 |       0 |   0.0
       D:14 |   13478 |    7671 |  36.3 |      39 |      25 |  39.1
       D:15 |    9853 |    8742 |  47.0 |      26 |      11 |  29.7
     Lair:1 |    5701 |    3624 |  38.9 |      28 |      34 |  54.8
     Lair:2 |    5157 |    2291 |  30.8 |      23 |       5 |  17.9
     Lair:3 |    4907 |    1481 |  23.2 |      16 |       1 |   5.9
     Lair:4 |    3689 |    3596 |  49.4 |      13 |       6 |  31.6
     Lair:5 |   12770 |   16112 |  55.8 |      31 |      37 |  54.4
    Snake:1 |    6374 |       0 |   0.0 |      15 |       0 |   0.0
    Snake:2 |   18018 |    6721 |  27.2 |      30 |       8 |  21.1
      Orc:1 |    1119 |       0 |   0.0 |       4 |       0 |   0.0
      Orc:2 |    2571 |   11238 |  81.4 |      37 |      76 |  67.3
      Sewer |       0 |     194 | 100.0 |       0 |      42 | 100.0
    Ossuary |       0 |     534 | 100.0 |       0 |      23 | 100.0
    Volcano |       0 |    5590 | 100.0 |       0 |      12 | 100.0
            +---------+---------+-------+---------+---------+-------

Illustrated notes

Table legend:
 A = Kills in this place as a percentage of kills in entire the game.
 B = Kills by you in this place as a percentage of kills by you in the entire game.
 C = Kills by friends in this place as a percentage of kills by friends in the entire game.
 D = Other kills in this place as a percentage of other kills in the entire game.
 E = Experience gained in this place as a percentage of experience gained in the entire game.
 F = Experience gained in this place divided by the number of levels of this place that you have seen.
                   A       B       C       D       E      F
               +-------+-------+-------+-------+-------+----------------------
         Total | 100.0 | 100.0 | 100.0 | 100.0 | 100.0 | 6239.7
       Dungeon |  49.4 |  49.5 |  47.8 |  80.0 |  40.3 | 5033.6
          Lair |  22.2 |  20.0 |  35.3 |   0.0 |  31.7 | 11865.6
     Snake Pit |   6.1 |   6.0 |   5.9 |  20.0 |  16.6 | 10371.0
  Orcish Mines |  13.4 |  14.2 |   9.6 |   0.0 |   8.0 | 7464.0
         Sewer |   4.8 |   5.7 |   0.0 |   0.0 |   0.1 | 194.0
       Ossuary |   2.6 |   3.1 |   0.0 |   0.0 |   0.3 | 534.0
       Volcano |   1.4 |   1.4 |   1.5 |   0.0 |   3.0 | 5590.0
               +-------+-------+-------+-------+-------+----------------------

Table legend: (Time is in decaauts)
 A = Elapsed time spent in this place.
 B = Non-inter-level travel time spent in this place.
 C = Inter-level travel time spent in this place.
 D = Time resting spent in this place.
 E = Time spent auto-exploring this place.
 F = Levels seen in this place.
 G = Mean time per level.
                   A        B        C        D        E       F      G
               +--------+--------+--------+--------+--------+-----+--------+
         Total |  26630 |  25392 |   1238 |   2302 |  17627 |  30 |  887.7 |
       Dungeon |  15352 |  14532 |    820 |    549 |  11385 |  15 | 1023.5 |
          Lair |   6490 |   6222 |    268 |   1108 |   3780 |   5 | 1298.0 |
         Swamp |      1 |      1 |      0 |      0 |      0 |   1 |    1.0 |
     Snake Pit |   2226 |   2206 |     20 |    537 |   1214 |   3 |  742.0 |
  Orcish Mines |   1473 |   1344 |    129 |     23 |    797 |   2 |  736.5 |
   Elven Halls |      3 |      3 |      0 |      0 |      0 |   1 |    3.0 |
         Sewer |    470 |    470 |      0 |      0 |    227 |   1 |  470.0 |
       Ossuary |    249 |    249 |      0 |      0 |    133 |   1 |  249.0 |
       Volcano |    363 |    363 |      0 |     84 |     90 |   1 |  363.0 |
               +--------+--------+--------+--------+--------+-----+--------+

Top non-repeatable levels by time:
  Lair:5: 2250 daAuts
 Snake:1: 1547 daAuts
     D:6: 1352 daAuts
     D:2: 1326 daAuts
  Lair:4: 1313 daAuts
   Orc:2: 1252 daAuts
    D:10: 1196 daAuts
     D:3: 1174 daAuts
     D:4: 1158 daAuts
     D:7: 1150 daAuts
  Lair:1: 1114 daAuts
    D:12: 1114 daAuts
     D:9: 1028 daAuts
  Lair:2: 1007 daAuts
     D:5: 929 daAuts
